 Dungeon Crawl Stone Soup version 0.22-a0-404-g35e51767bf (webtiles) character file.

465 Azzok the Vexing (level 7, -11/36 HPs)
             Began as a Gargoyle Enchanter on May 8, 2018.
             Mangled by a gnoll
             ... wielding a +0 spear
              (14 damage)
             ... on level 3 of the Dungeon.
             The game lasted 00:08:23 (5434 turns).

Azzok the Vexing (Gargoyle Enchanter)               Turns: 5434, Time: 00:08:24

Health: -11/36     AC:  6    Str: 12    XL:     7   Next: 8%
Magic:  7/10       EV: 12    Int: 17    God:
Gold:   125        SH:  0    Dex: 10    Spells: 4/10 levels left

rFire    . . .     SeeInvis .   c - +1 dagger (pain)
rCold    + . .     Gourm    .   (no shield)
rNeg     + . .     Faith    .   b - +0 robe
rPois    ∞         Spirit   .   (no helmet)
rElec    +         Reflect  .   (no cloak)
rCorr    .         Harm     .   (no gloves)
MR       .....                  (no boots)
Stlth    ++........             (no amulet)
HPRegen  0.12/turn              h - ring of protection from cold
MPRegen  0.12/turn              (no ring)

@: no status effects
A: negative energy resistance 1, electricity resistance, unbreathing,
petrification resistance, rot immunity, AC +4
a: no special abilities


You were on level 3 of the Dungeon.
You were not hungry.

You visited 1 branch of the dungeon, and saw 3 of its levels.

You collected 125 gold pieces.

Inventory:

Hand Weapons
 c - a +1 dagger of pain (weapon)
Armour
 b - a +0 robe (worn)
 l - a +2 cloak
Jewellery
 h - a ring of protection from cold (left hand)
Wands
 o - a wand of paralysis (5)
Scrolls
 a - a scroll of blinking {unknown}
 e - 2 scrolls of teleportation {unknown}
 i - a scroll of identify {unknown}
 k - a scroll of random uselessness {unknown}
 m - a scroll of amnesia {unknown}
 n - 2 scrolls of enchant weapon {unknown}
 p - a scroll of enchant armour {unknown}
Potions
 f - a potion of agility {unknown}
 g - 2 potions of curing {unknown}
 j - a potion of flight {unknown}
Comestibles
 d - 4 rations


   Skills:
 + Level 4.5 Short Blades
 - Level 1.5 Dodging
 - Level 3.2 Stealth
 - Level 2.0 Spellcasting
 + Level 5.3 Hexes


You had 4 spell levels left.
You knew the following spells:

 Your Spells              Type           Power        Failure   Level  Hunger
a - Corona                Hex            ###....      2%          1    #......
b - Ensorcelled Hibernat  Hex/Ice        ##....       10%         2    ###....
c - Confuse               Hex            ###.....     6%          3    ###....


Dungeon Overview and Level Annotations

Branches:
Dungeon (3/15)

Altars:


Innate Abilities, Weirdness & Mutations

You are resistant to torment.
Your stone body is resilient. (AC +4)
You are immune to poison.
You resist negative energy. (rN+)
You are resistant to electric shocks. (rElec)
You can survive without breathing.
You are immune to petrification.
You are immune to rotting.


Message History

The gnoll barely misses you. The gnoll hits you with a spear.
* * * LOW HITPOINT WARNING * * *
Casting: Corona (safe; 2% risk of failure)
Confirm with . or Enter, or press ? or * to list all spells.
Aiming: Confuse (safe; 6% risk of failure)
Press: ? - help, Shift-Dir - straight line, f/p - jackal
Aim: a jackal (almost dead, chance to defeat MR: 67%)
The gnoll resists with significant effort.
The gnoll hits you with a spear.
* * * LOW HITPOINT WARNING * * *
The gnoll misses you. The jackal closely misses you.
There is a stone staircase leading up here.
The gnoll barely misses you.
Items here: $ ) [ † a leather armour; a whip; 4 gold pieces; a gnoll corpse You see here a spear.
The gnoll misses you. The gnoll hits you with a spear!
You die...

·····▒··g▒≈≈····▒·▒
≈≈≈≈g▒▒▒▒▒≈≈····▒·▒▒
≈≈≈≈≈≈≈≈≈≈≈≈····▒··
≈≈≈≈≈≈≈≈≈≈≈≈····▒·▒
··········P·····▒·▒
············)·····▒
·▒▒▒·▒▒▒▒▒▒▒<▒▒▒▒·▒
÷▒▒▒·▒▒▒▒▒▒▒[▒▒▒▒·▒
·▒·········▒·h·g@·▒▒▒▒▒▒
···▒g▒▒▒▒▒·▒▒▒▒▒········
▒···g··g·▒·▒ ▒·▒▒▒▒▒▒▒
▒·▒▒·▒▒▒·▒·▒▒▒▒▒·▒
··[········▒·····▒
▒··▒·▒▒▒g▒▒▒·▒▒▒▒▒
▒▒'▒'▒▒▒···g·▒
·······▒▒···▒▒
·············▒


You could see a gnoll (berserk) and a jackal.

Vanquished Creatures
  Sigmund (D:2)
  A bullfrog (D:3)
  A gnoll shaman (D:3)
  Ijyb (D:3)
  An adder (D:3)
  12 gnolls
  5 worms
  2 leopard geckos
  5 bats
  5 giant cockroaches
  8 goblins
  7 jackals
  2 quokkas (D:2)
  3 frilled lizards (D:2)
  7 kobolds
  6 rats
67 creatures vanquished.

Notes
Turn   | Place    | Note
-------+----------+-------------------------------------------
     0 | D:1      | Azzok the Gargoyle Enchanter began the quest for the Orb.
     0 | D:1      | Reached XP level 1. HP: 10/10 MP: 3/3
     0 | D:1      | Noticed a red draconian
     0 | D:1      | Noticed a tentacled monstrosity
     2 | D:1      | Noticed an orb of fire
     2 | D:1      | Noticed an iron dragon
     4 | D:1      | Noticed an ice dragon
     5 | D:1      | Noticed an ice dragon
     7 | D:1      | Noticed an orb of fire
     8 | D:1      | Noticed a tentacled monstrosity
    10 | D:1      | Noticed an orb of fire
    12 | D:1      | Noticed a large abomination
    12 | D:1      | Noticed a large abomination
    14 | D:1      | Noticed a large abomination
    14 | D:1      | Noticed a large abomination
    16 | D:1      | Noticed an ice dragon
    18 | D:1      | Noticed a tentacled monstrosity
    57 | D:1      | Reached skill level 1 in Short Blades
   748 | D:1      | Reached skill level 3 in Hexes
   748 | D:1      | Reached XP level 2. HP: 12/15 MP: 5/5
   753 | D:1      | Learned a level 2 spell: Ensorcelled Hibernation
  1519 | D:2      | Reached XP level 3. HP: 19/19 MP: 1/6
  2524 | D:2      | Noticed Sigmund
  2545 | D:2      | Killed Sigmund
  2545 | D:2      | Reached skill level 4 in Hexes
  2545 | D:2      | Reached XP level 4. HP: 1/24 MP: 0/7
  2545 | D:2      | Reached XP level 5. HP: 2/28 MP: 0/8
  3324 | D:3      | Reached XP level 6. HP: 26/32 MP: 4/9
  3548 | D:3      | Learned a level 3 spell: Confuse
  3567 | D:3      | Noticed Ijyb
  3575 | D:3      | Killed Ijyb
  4145 | D:3      | Reached skill level 5 in Hexes
  4972 | D:3      | Reached XP level 7. HP: 12/36 MP: 3/10
  5434 | D:3      | Mangled by a gnoll

Vault maps used:
D:1:      shiori_arrival_whats_in_store_for_you, corner_web_ring,
          interstate_on_off
D:2:      serial_bayou_crossing, uniq_sigmund
D:3:      lemuel_castle_with_subvaults, first_ration,
          cheibrodos_sewer_entry_bend, uniq_ijyb

Skill      XL: |  1  2  3  4  5  6 |
---------------+-------------------+-----
Short Blades   | 1 3 4 |  4.5
Hexes          | 3 4 5 |  5.3
Dodging        | |  1.5
Stealth        | |  3.2
Spellcasting   | |  2.0

Action                   |  1- 3 |  4- 6 |  7- 9 || total
-------------------------+-------+-------+-------++-------
Melee: Dagger            |   107 |    63 |    13 ||   183
 Cast: Corona            |    11 |     2 |     2 ||    15
       Ensorcelled Hiber |    15 |    49 |     5 ||    69
       Confuse           |       |     5 |     3 ||     8
 Stab: Sleeping          |    19 |    31 |     1 ||    51
       Confused          |       |     1 |       ||     1
  Eat: Chunk             |     6 |    12 |       ||    18
       Ration            |       |       |     1 ||     1
Armor: Robe              |    20 |    32 |     8 ||    60
Dodge: Dodged            |    51 |    53 |    24 ||   128

Table legend:
 A = Spawn XP
 B = Non-spawn XP
 C = Spawn XP percentage of total XP
 D = Spawn monster count
 E = Non-spawn monster count
 F = Spawn count percentage of total count
 G = Total turns spent on level
                    A         B        C        D         E        F      G
               +---------+---------+-------+---------+---------+-------+---------
         Total |       0 |     665 |   0.0 |       0 |      67 |   0.0 |  5434
               +---------+---------+-------+---------+---------+-------+---------
           D:1 |       0 |      17 |   0.0 |       0 |      10 |   0.0 |  1312
           D:2 |       0 |     313 |   0.0 |       0 |      30 |   0.0 |  3132
           D:3 |       0 |     335 |   0.0 |       0 |      27 |   0.0 |   990
               +---------+---------+-------+---------+---------+-------+---------
